 Dungeon Crawl Stone Soup version 0.17-a0-1951-g62301d3 (webtiles) character file.

44912 Ordine the Stickfighter (level 13, 0/175 HPs)
             Began as a Minotaur Gladiator on Oct 3, 2015.
             Was a High Priest of Okawaru.
             Slain by a death yak (9 damage)
             ... on level 8 of the Lair of Beasts.
             The game lasted 01:14:02 (17010 turns).

Ordine the Stickfighter (Minotaur Gladiator)       Turns: 17010, Time: 01:14:02

Health: 0/175      AC: 26    Str: 22    XL:     13   Next: 98%
Magic:  0/19       EV:  2    Int:  5    God:    Okawaru [*****.]
Gold:   1128       SH:  0    Dex: 14    Spells: 0 memorised, 12 levels left

rFire  . . .     SeeInvis .     F - +6 morningstar of Mourning {freeze, +Blink +Fly rPois}
rCold  . . .     Rnd*Rage +     (armour currently unavailable)
rNeg   + + +     SustAt   .     (no shield)
rPois  +         Gourm    .     (helmet currently unavailable)
rElec  .         Spirit   +     (cloak currently unavailable)
rCorr  .         Warding  .     (gloves currently unavailable)
rMut   .         NoTele   +     (boots currently unavailable)
MR     .....                    l - amulet of guardian spirit
Stlth  ++........               n - +3 ring of slaying
                                y - +3 ring of evasion

@: confused, tree-form, heroism, not resistant to hostile enchantments,
unstealthy
A: (retaliatory headbutt), (horns 0), berserk 1, breathe flames 1, (fire
resistance 0)
a: Heroism, Finesse, Renounce Religion, Breathe Fire, Evoke Blink


You were on level 8 of the Lair of Beasts.
You worshipped Okawaru.
Okawaru was extremely pleased with you.
You were hungry.
You were a tree.
You visited 3 branches of the dungeon, and saw 18 of its levels.
You also visited: Labyrinth.

You collected 1128 gold pieces.

Inventory:

Hand weapons
 a - a +1 triple sword of electrocution
 F - the +6 morningstar of Mourning (weapon) {freeze, +Blink +Fly rPois}
   (You found it in a labyrinth)

   It has been specially enchanted to freeze those struck by it, causing extra
   injury to most foes and up to half again as much damage against particularly
   susceptible opponents.
   It can also slow down cold-blooded creatures.
   It protects you from poison.
   It lets you fly.
   It lets you blink.
 R - a +0 lajatang
Armour
 c - a +0 hat (melded)
 i - the +3 cloak "Xablozat" (melded) {+Blink Str-2 Int+3 Slay+3}
   (Okawaru gifted it to you on level 3 of the Lair of Beasts)

   It affects your strength (-2).
   It affects your intelligence (+3).
   It affects your accuracy and damage with ranged weapons and melee attacks
   (+3).
   It lets you blink.
 p - a +2 pair of gloves (melded)
 r - the +1 leather armour of Feset (melded) {+Inv Str+4 SInv}
   (You took it off a minotaur in a labyrinth)

   It affects your strength (+4).
   It lets you see invisible.
   It lets you turn invisible.
 M - a +0 pair of boots (melded)
 Q - the +1 cloak of Bimuonam {rF+ rC+}
   (Okawaru gifted it to you on level 7 of the Lair of Beasts)

   It protects you from fire.
   It protects you from cold.
 T - a +3 swamp dragon armour
Magical staves
 L - an uncursed staff of earth
Rods
 d - a +5 rod of destruction (12/12)
   (You took it off a minotaur in a labyrinth)
 B - a +4 rod of inaccuracy (11/11)
   (You found it in a labyrinth)
Jewellery
 l - an amulet of guardian spirit (around neck)
 n - a +3 ring of slaying (right branch)
 o - an uncursed amulet of stasis
 v - an uncursed ring of sustain attributes
 y - a +3 ring of evasion (left branch)
Magical devices
 h - a wand of digging (9)
 m - a wand of cold (7)
 s - a wand of hasting (0)
 u - a wand of fire (5)
 x - a wand of lightning (6)
 C - a wand of lightning (6)
 S - a wand of fireball (13)
Scrolls
 b - a scroll of enchant weapon
 e - 2 scrolls of blinking
 A - 5 scrolls of recharging
 I - a scroll of teleportation
 J - 2 scrolls of magic mapping
 V - 6 scrolls of remove curse
Potions
 k - 3 potions of might
 t - 3 potions of lignification
Books
 w - a book of the Sky

   Spells                             Type                      Level
   a - Summon Lightning Spire         Summoning/Air                4
   b - Airstrike                      Air                          4
   c - Silence                        Hexes/Air                    5
   d - Deflect Missiles               Charms/Air                   6
   e - Conjure Ball Lightning         Conjuration/Air              6
   f - Tornado                        Air                          9


   Skills:
 - Level 11.9(16.9) Fighting
 - Level 16.0(21.0) Staves
 - Level 2.0(7.0) Throwing
 - Level 11.7(16.7) Armour
 - Level 11.8(16.8) Dodging
 - Level 10.0 Invocations
 + Level 2.9 Evocations


You had 12 spell levels left.
You didn't know any spells.

Dungeon Overview and Level Annotations

Branches:
Dungeon (9/15)             Temple (1/1) D:7            Lair (8/8) D:9
  Swamp (0/4) Lair:4        Snake (0/4) Lair:5        Slime (0/6) Lair:7
    Orc: D:9-12

Altars:
Ashenzari
Cheibriados
Dithmenos
Elyvilon
Fedhas
Gozag
Kikubaaqudgha
Makhleb
Nemelex Xobeh
Okawaru
Qazlal
Ru
Sif Muna
Trog
Vehumet
Xom
Yredelemnul
Zin
The Shining One
Jiyva


Innate Abilities, Weirdness & Mutations

((You reflexively headbutt those who attack you in melee.))
((You have a pair of horns on your head.))
You tend to lose your temper in combat.
You can breathe flames.
((Your flesh is heat resistant.))


Message History

The death yak barely misses you.
You hit the death yak. You freeze the death yak.
The death yak is heavily wounded.
The death yak gores you!
* * * LOW HITPOINT WARNING * * *
The death yak gores you.
* * * LOW HITPOINT WARNING * * *
Drink which item? (? for menu, Esc to quit)
You are confused.
You feel invigorated.
The death yak gores you but does no damage.
The death yak gores you!
* * * LOW HITPOINT WARNING * * *
You cannot move. (Use ctrl+direction to attack without moving.)
You cannot move. (Use ctrl+direction to attack without moving.) Evoke which item? (* to show all) (? for menu, Esc to quit)
Zapping:
s - a wand of hasting {zapped: 3} (will waste charges)
Press: ? - help, Shift-Dir - straight line, f - you Nothing appears to happen.
The death yak gores you!
You die...

,,,,,,,,,* #...#.....#.....P.P.#
,,,,,,,,,**###...<...##........#
,,,,,,,,,,* ###...P#####.#...##
,,,,,,,,,** #P...###***##...PP#*
,,,,,,,,** #...##**,,**#####w.#
,,,,,,*** ##..# *,,,,** *,..w
,,,,,** #..# *,,,,,* **,,##
,,,*** #YY# **,,,,***,,** ,,,,*
##♣# **,,***,,,,* ***** ###
***+**,,*** **,,⌠** *,,,***
**,,,,** * **,,,,*** ***,,,,,
*,**,,, *******


You could see 2 death yaks.

Vanquished Creatures
  A minotaur (Lab)
  The ghost of krfreak the Cleaver, a powerful MiBe of Trog (Lair:1)
  7 hydras
  11 death yaks
  A fire crab (Lair:6)
  2 swamp dragons (Lair:7)
  Pikel (D:6)
  4 elephants (Lair:6)
  6 black mambas
  Joseph (D:7)
  A torpor snail (Lair:7)
  12 spiny frogs
  The ghost of AvylaarBelgium the Slasher, an experienced DsGl (D:5)
  9 komodo dragons
  3 fire drakes
  A slime creature (Lair:7)
  Grinder (D:5)
  A troll (D:8)
  8 blink frogs
  A two-headed ogre (D:9)
  A wyvern (Lair:6)
  23 yaks
  3 hippogriffs
  A vampire mosquito (Lair:7)
  A basilisk (Lair:3)
  A hungry ghost (D:7)
  3 swamp worms (Lair:7)
  27 wolves
  Edmund (D:6)
  2 nagas (Lair:5)
  10 water moccasins
  3 sky beasts
  An ice beast (D:8)
  2 black bears (D:8)
  3 orc warriors (D:8)
  8 porcupines
  2 necrophages
  A wasp (Lair:3)
  8 ogres
  4 centaurs
  2 gnoll sergeants
  2 big kobolds (D:8)
  10 giant frogs
  19 crocodiles
  A wyvern skeleton (D:8)
  2 scorpions
  An electric eel (Lair:7)
  2 centaur zombies
  3 crimson imps
  4 jellies
  4 orc priests
  A giant frog zombie (D:9)
  2 hounds
  7 orc wizards
  3 centaur skeletons
  A giant frog skeleton (D:4)
  Natasha (thrice) (D:3)
  10 iguanas
  7 worker ants
  7 sheep (Lair:6)
  2 hound zombies
  A worker ant zombie (D:6)
  25 gnolls
  8 adders
  64 river rats
  2 shadow imps
  2 adder skeletons
  5 worms
  6 giant geckos
  39 orcs
  9 giant cockroaches
  4 hobgoblins
  7 jackals
  17 kobolds
  A quokka (D:9)
  2 ball pythons (D:4)
  5 bats
  7 giant newts
  6 goblins
  10 rats
491 creatures vanquished.

Vanquished Creatures (others)
  14 fungi
  14 plants
28 creatures vanquished.

Grand Total: 519 creatures vanquished

Notes
Turn   | Place    | Note
--------------------------------------------------------------
     0 | D:1      | Ordine the Minotaur Gladiator began the quest for the Orb.
     0 | D:1      | Reached XP level 1. HP: 18/18 MP: 0/0
    37 | D:1      | Reached skill level 4 in Staves
   164 | D:1      | Reached XP level 2. HP: 18/25 MP: 1/1
   630 | D:2      | Reached skill level 5 in Staves
   646 | D:2      | Reached XP level 3. HP: 20/30 MP: 2/2
  1539 | D:3      | Reached XP level 4. HP: 37/37 MP: 3/3
  1553 | D:3      | Reached skill level 6 in Staves
  1703 | D:3      | Noticed Natasha
  1713 | D:3      | Killed Natasha
  1757 | D:3      | Reached skill level 7 in Staves
  1757 | D:3      | Reached XP level 5. HP: 18/42 MP: 0/4
  2130 | D:3      | Noticed Natasha
  2134 | D:3      | Killed Natasha
  2371 | D:3      | Noticed Natasha
  2375 | D:3      | Killed Natasha
  2531 | D:4      | Reached skill level 8 in Staves
  2531 | D:4      | Reached XP level 6. HP: 48/50 MP: 5/5
  2676 | D:4      | Reached skill level 9 in Staves
  2840 | D:4      | Found a snail-covered altar of Cheibriados.
  2929 | D:5      | Entered Level 5 of the Dungeon
  2949 | D:5      | Reached XP level 7. HP: 32/56 MP: 3/6
  2955 | D:5      | Reached skill level 10 in Staves
  3109 | D:5      | Got a fine ring mail
  3120 | D:5      | Identified the +4 ring mail of the First Lies {rN+ Dex+5} (You found it on level 5 of the Dungeon)
  3157 | D:5      | Noticed AvylaarBelgium's ghost (experienced DsGl)
  3166 | D:5      | Killed AvylaarBelgium's ghost
  3166 | D:5      | Reached skill level 11 in Staves
  3343 | D:5      | Found a shimmering altar of Xom.
  3424 | D:5      | Reached XP level 8. HP: 62/62 MP: 7/7
  3527 | D:5      | Noticed Grinder
  3533 | D:5      | Killed Grinder
  3533 | D:5      | Reached skill level 12 in Staves
  3704 | D:6      | Noticed Edmund
  3708 | D:6      | Killed Edmund
  3708 | D:6      | Reached skill level 13 in Staves
  3868 | D:6      | Noticed Pikel
  3890 | D:6      | Killed Pikel
  3890 | D:6      | Reached skill level 14 in Staves
  3890 | D:6      | Reached XP level 9. HP: 60/68 MP: 8/8
  4010 | D:6      | Found a stormy altar of Qazlal.
  4193 | D:6      | Found a radiant altar of Vehumet.
  4193 | D:6      | Found a blossoming altar of Fedhas.
  4194 | D:6      | Found a stormy altar of Qazlal.
  4509 | D:6      | Got a fine long sword
  4746 | D:7      | Found a glowing golden altar of the Shining One.
  4925 | D:7      | Noticed Joseph
  4935 | D:7      | Killed Joseph
  4935 | D:7      | Reached skill level 15 in Staves
  5043 | D:7      | Reached skill level 1 in Armour
  5194 | D:7      | Found a staircase to the Ecumenical Temple.
  5208 | Temple   | Entered the Ecumenical Temple
  5340 | Temple   | Became a worshipper of Warmaster Okawaru
  5829 | D:8      | Reached skill level 5 in Dodging
  5847 | D:8      | Reached XP level 10. HP: 70/80 MP: 9/9
  5853 | D:8      | Gained mutation: You tend to lose your temper in combat. [mutagenic meat]
  5854 | D:8      | Gained mutation: You can spit weak poison. [mutagenic meat]
  5855 | D:8      | Gained mutation: You passively map a small area around you. [mutagenic meat]
  5856 | D:8      | Gained mutation: Armour fits poorly on your strangely shaped body. [mutagenic meat]
  5857 | D:8      | Lost mutation: You can spit weak poison. [potion of cure mutation]
  5857 | D:8      | Lost mutation: You passively map a small area around you. [potion of cure mutation]
  5857 | D:8      | Lost mutation: Armour fits poorly on your strangely shaped body. [potion of cure mutation]
  5946 | D:8      | Acquired Okawaru's first power
  6250 | D:8      | Reached skill level 16 in Staves
  6431 | D:8      | Gained mutation: You can breathe flames. [mutagenic meat]
  6433 | D:8      | Gained mutation: Your flesh is heat resistant. [mutagenic meat]
  6565 | D:8      | Reached skill level 5 in Fighting
  6850 | D:9      | Found a shadowy altar of Dithmenos.
  6970 | D:9      | Found a staircase to the Lair.
  7025 | D:9      | Reached skill level 5 in Armour
  7090 | Lair:1   | Entered Level 1 of the Lair of Beasts
  7127 | Lair:1   | Noticed krfreak's ghost (powerful MiBe)
  7142 | Lair:1   | Killed krfreak's ghost
  7496 | Lair:1   | Reached XP level 11. HP: 89/92 MP: 10/10
  7529 | Lair:1   | Noticed a six-headed hydra
  7539 | Lair:1   | Killed a six-headed hydra
  8424 | Lair:2   | Noticed a six-headed hydra
  8435 | Lair:2   | Killed an 11-headed hydra
  9079 | Lair:3   | Acquired Okawaru's second power
  9427 | Lair:3   | Received a gift from Okawaru
  9428 | Lair:3   | Got a faintly glowing cloak {god gift}
  9434 | Lair:3   | Identified the +3 cloak "Xablozat" {+Blink Str-2 Int+3 Slay+3} (Okawaru gifted it to you on level 3 of the Lair of Beasts)
 10164 | Lair:4   | Noticed a death yak
 10164 | Lair:4   | Noticed a death yak
 10164 | Lair:4   | Noticed a death yak
 10173 | Lair:4   | Killed a death yak
 10181 | Lair:4   | Killed a death yak
 10189 | Lair:4   | Killed a death yak
 10192 | Lair:4   | Reached XP level 12. HP: 29/106 MP: 2/11
 10547 | Lair:4   | Found a staircase to the Swamp.
 10730 | Lair:4   | Reached skill level 10 in Fighting
 10754 | Lair:4   | Reached skill level 10 in Armour
 10762 | Lair:4   | Reached skill level 1 in Invocations
 10829 | Lair:4   | Noticed a seven-headed hydra
 10832 | Lair:4   | Killed a nine-headed hydra
 10832 | Lair:4   | Reached skill level 10 in Dodging
 11480 | Lair:5   | Found a staircase to the Snake Pit.
 11684 | Lair:5   | Reached skill level 5 in Invocations
 12271 | Lair:6   | Got a bloodstained dagger
 12272 | Lair:6   | Identified the cursed +1 dagger of Nugumae Caat {elec, rElec rN+} (You found it on level 6 of the Lair of Beasts)
 13510 | Lair:7   | Reached XP level 13. HP: 74/113 MP: 16/19
 13587 | Lair:7   | Reached skill level 10 in Invocations
 13652 | Lair:7   | Found a staircase to the Slime Pits.
 13659 | Lair:7   | Found a viscous altar of Jiyva.
 13715 | Lair:7   | Noticed a six-headed hydra
 13721 | Lair:7   | Received a gift from Okawaru
 13722 | Lair:7   | Got a smoking cloak {god gift}
 13734 | Lair:7   | Killed a six-headed hydra
 14073 | Lair:7   | Identified the +1 cloak of Bimuonam {rF+ rC+} (Okawaru gifted it to you on level 7 of the Lair of Beasts)
 14359 | Lair:7   | Noticed a six-headed hydra
 14374 | Lair:7   | Killed a six-headed hydra
 15960 | Lair:8   | Entered Level 8 of the Lair of Beasts
 16135 | Lair:8   | Found a shadowy altar of Dithmenos.
 16141 | Lair:8   | Found a labyrinth entrance.
 16154 | Lab      | Entered a labyrinth
 16670 | Lab      | Got a translucent leather armour
 16681 | Lab      | Identified the +1 leather armour of Feset {+Inv Str+4 SInv} (You took it off a minotaur in a labyrinth)
 16691 | Lab      | Identified a +5 rod of destruction (2/12) (You took it off a minotaur in a labyrinth)
 16696 | Lab      | Got a scorched morningstar
 16697 | Lab      | Identified the +6 morningstar of Mourning {freeze, +Blink +Fly rPois} (You found it in a labyrinth)
 16725 | Lab      | Identified a +4 rod of inaccuracy (11/11) (You found it in a labyrinth)
 16976 | Lair:8   | Received a gift from Okawaru
 16976 | Lair:8   | Reached skill level 1 in Evocations
 17009 | Lair:8   | HP: 5/175 [death yak (9)]
 17010 | Lair:8   | Slain by a death yak

Vault maps used:
D:1:      minmay_arrival_three_doors, minmay_misc_feat_cross
D:3:      uniq_natasha
D:4:      overflow_temple_1_default, first_bread
D:5:      nicolae_overflow_crystal_walls, uniq_grinder
D:6:      gammafunk_temple_overflow_claw, corexii_item_surrounded_by_moat,
          grunt_qazlal_sundering, uniq_pikel, uniq_edmund
D:7:      old_standard_altar, minmay_temple_entry_nine_rooms, grunt_ogre_cave,
          uniq_joseph
D:8:      serial_corexii_hall, corexii_hall_statues_l, corexii_hall_statues_u,
          corexii_hall_statues_i
D:9:      nicolae_dithmenos_the_darkroom, lair_0_dummy
Temple:   circular_temple_12
Lair:2:   fungi_pond_lemuel, serial_bayou_pond_e
Lair:3:   grunt_megastairs_2, lemuel_fruit_fields
Lair:4:   swamp_mist
Lair:5:   guppyfry_snake_entry_island, grunt_forest_stairs_basic,
          serial_bayou_pond_c, minmay_hedge_maze
Lair:7:   onia_ninara_swampy_vault, slime_altar_1, infiniplex_staircase_pool
Lair:8:   wormcave, lab_entry_generic, basic_altar, serial_forest,
          infiniplex_forest_lined_corner, infiniplex_forest_end_2,
          infiniplex_forest_end_3, infiniplex_forest_straight_2,
          infiniplex_forest_clump_tiny, infiniplex_forest_clump_long,
          st_stairs_10
Lab:      labyrinth_watery, labyrinth_skeletal_remains

Action                   |  1- 3 |  4- 6 |  7- 9 | 10-12 | 13-15 || total
-------------------------+-------+-------+-------+-------+-------++-------
Melee: Quarterstaff      |    89 |   123 |   199 |   195 |    34 ||   640
       Lajatang          |       |       |       |   360 |   201 ||   561
       Morningstar       |       |       |       |       |    34 ||    34
Throw: Throwing net      |       |       |     2 |     1 |       ||     3
Invok: Heroism           |       |       |       |     5 |     4 ||     9
       Finesse           |       |       |       |       |     3 ||     3
 Abil: Breathe Fire      |       |       |       |     2 |       ||     2
Evoke: Wand              |       |       |     1 |       |     1 ||     2
  Use: Scroll            |     9 |     2 |     4 |    16 |     8 ||    39
       Potion            |       |     1 |     1 |     3 |    10 ||    15
  Eat: Chunk             |     2 |     4 |     9 |    33 |    12 ||    60
       Pizza             |       |       |     1 |       |       ||     1
       Beef jerky        |       |       |       |     1 |       ||     1
       Fruit             |       |       |       |       |     3 ||     3
